Map: Prion Terraces

Players

Namshar - Winner!

  • Race: Zerg Zerg

Rengen

  • Race: Protoss Protoss
  • League: Grandmaster

Event: Gauntlet LotV Series 1 Qualifier 1

VOD

Have the link to the VOD?

Description

Time

  • Played on: Nov. 22, 2015, 3:29 p.m.
  • Length: 11:40

All games in this series

Show
View Real Time Build Order
Export as new Build Order

Namshar Zerg - Winner!

Build Orders: Hatch First 

Get SALT Encoding   

  12  0:01  Drone  
  13  0:12  Overlord  
  13  0:17  Drone  
  14  0:31  Drone x2  
  16  0:36  Drone  
  17  0:53  Hatchery  
  17  0:54  Drone  
  17  0:57  Drone  
  18  1:08  Extractor  
  17  1:13  Spawning Pool  
  17  1:15  Drone  
  17  1:19  Drone  
  18  1:30  Drone  
  19  1:39  Overlord  
  19  1:59  Queen  
  19  2:00  Drone x2  
  23  2:06  Queen  
  25  2:11  Metabolic Boost, Zergling x2  
  26  2:26  Hatchery  
  26  2:28  Drone  
  26  2:30  Drone  
  26  2:33  Drone  
  28  2:41  Queen  
  28  2:44  Drone  
  31  2:46  Overlord  
  31  2:49  Drone  
  31  2:50  Drone  
  33  2:52  Drone  
  33  2:56  Drone  
  35  3:02  Drone  
  36  3:14  Drone  
  36  3:15  Drone x4  
  36  3:16  Overlord  
  36  3:19  Drone  
  42  3:23  Drone  
  43  3:31  Zergling x2  
  43  3:32  Zergling x2  
  42  3:38  Spore Crawler  
  40  3:43  Drone x3  
  40  3:46  Zergling x2  
  40  3:48  Zergling x2  
  45  3:54  Extractor  
  44  3:57  Spore Crawler  
  44  3:59  Spore Crawler  
  42  4:04  Drone  
  42  4:05  Drone x7  
  50  4:12  Drone  
  50  4:13  Drone x5  
  54  4:19  Lair, Overlord  
  54  4:21  Drone  
  55  4:26  Roach Warren  
  55  4:27  Evolution Chamber  
  53  4:32  Drone  
  53  4:36  Extractor  
  53  4:38  Extractor  
  52  4:45  Drone x2  
  54  4:47  Drone x2  
  54  4:48  Drone x2, Extractor  
  54  4:49  Hatchery, Drone  
  54  4:50  Drone x4  
  61  4:58  Burrow  
  61  5:02  Zerg Missile Weapons Level 1  
  61  5:04  Overlord x3  
  61  5:09  Extractor  
  61  5:12  Drone x2  
  61  5:13  Drone  
  63  5:15  Drone x2  
  63  5:16  Drone  
  63  5:17  Overlord x2  
  63  5:18  Glial Reconstitution  
  65  5:24  Drone x2  
  65  5:25  Drone, Roach  
  65  5:26  Roach x2  
  74  5:30  Drone  
  74  5:31  Roach  
  74  5:33  Hatchery, Roach  
  78  5:37  Roach  
  80  5:45  Overlord x3  
  80  5:49  Overseer  
  82  5:50  Roach x4  
  82  5:54  Roach x2  
  92  6:03  Overlord x2  
  92  6:05  Roach x2  
  92  6:06  Roach x2  
  92  6:08  Overlord  
  100  6:14  Drone  
  100  6:20  Drone  
  100  6:24  Drone  
  100  6:25  Spire  
  101  6:27  Roach x6  
  113  6:34  Zergling x12  
  113  6:39  Roach, Zergling x6  
  124  6:40  Zergling x2  
  124  6:46  Zergling x8  
  116  6:57  Zerg Melee Weapons Level 1  
  100  7:01  Roach  
  100  7:02  Roach x10  
  118  7:13  Drone x2  
  118  7:14  Roach  
  118  7:15  Roach x5  
  131  7:17  Ravager x5  
  131  7:18  Ravager x2  
  140  7:23  Roach x2  
  140  7:27  Drone x5  
  140  7:28  Drone  
  148  7:31  Drone  
  148  7:34  Ravager  
  144  7:44  Roach  
  144  7:45  Roach x3  
  139  7:54  Roach x3  
  139  7:55  Roach x2  
  141  8:06  Roach, Zergling x2  
  141  8:07  Roach x3  
  148  8:16  Roach  
  148  8:18  Overlord x3  
  148  8:19  Overlord x4  
  150  8:27  Extractor  
  141  8:31  Ravager x3  
  141  8:32  Roach x4  
  150  8:35  Hatchery  
  150  8:36  Extractor  
  150  8:37  Drone x3  
  150  8:38  Roach x16  
  152  8:43  Zergling x18  
  150  8:59  Zergling x2  
  150  9:00  Zergling x20  
  161  9:06  Zergling x2  
  161  9:07  Zergling x14  
  152  9:18  Zergling x2  
  152  9:19  Zergling x8  
  149  9:25  Roach  
  151  9:36  Zergling x10  
  155  9:43  Extractor  
  122  9:46  Roach  
  122  9:47  Roach x4, Extractor  
  117  9:54  Roach x5  
  123  10:05  Roach x15  
  123  10:06  Roach  
  123  10:07  Zergling x2  
  156  10:14  Ravager x8  
  160  10:15  Roach  
  160  10:16  Roach x3  
  173  10:21  Drone x2  
  173  10:23  Roach x2  
  178  10:31  Zergling x22  
  186  10:39  Zergling x14  
  163  10:52  Zergling x2  
  163  10:53  Zergling x18  
  173  11:02  Roach x2, Zergling x2  
  173  11:03  Zergling x16  
  169  11:10  Roach x3, Zergling x6  
  176  11:18  Zergling x8  
Show
View Real Time Build Order
Export as new Build Order

Rengen Protoss 

Build Orders: Nexus First 

Get SALT Encoding   

  12  0:00  Probe (Chrono Boost)  
  13  0:11  Probe (Chrono Boost)  
  14  0:18  Pylon  
  14  0:22  Probe (Chrono Boost)  
  15  0:36  Probe (Chrono Boost)  
  16  0:47  Probe (Chrono Boost)  
  17  0:57  Nexus  
  17  1:08  Gateway  
  18  1:11  Probe (Chrono Boost)  
  18  1:19  Assimilator  
  18  1:22  Probe (Chrono Boost)  
  19  1:28  Pylon  
  19  1:32  Probe (Chrono Boost)  
  20  1:44  Probe (Chrono Boost)  
  21  1:50  Gateway  
  21  1:54  Probe (Chrono Boost)  
  21  1:56  Cybernetics Core  
  22  2:05  Probe (Chrono Boost), Assimilator  
  23  2:14  Probe (Chrono Boost)  
  24  2:17  Probe (Chrono Boost)  
  25  2:24  Probe (Chrono Boost)  
  25  2:27  Probe (Chrono Boost)  
  27  2:34  Probe (Chrono Boost), Adept (Chrono Boost)  
  27  2:35  Warp Gate  
  30  2:37  Adept (Chrono Boost)  
  30  2:39  Probe  
  34  2:51  Probe (Chrono Boost)  
  34  2:56  Mothership Core (Chrono Boost)  
  36  3:02  Assimilator  
  36  3:03  Probe (Chrono Boost)  
  37  3:09  Robotics Facility  
  37  3:13  Probe (Chrono Boost)  
  37  3:15  Probe (Chrono Boost), Pylon  
  39  3:24  Probe (Chrono Boost)  
  39  3:25  Probe (Chrono Boost)  
  41  3:35  Probe (Chrono Boost)  
  41  3:39  Probe (Chrono Boost)  
  43  3:45  Probe (Chrono Boost)  
  43  3:47  Adept  
  46  3:48  Twilight Council  
  46  3:49  Pylon  
  46  3:50  Probe (Chrono Boost)  
  47  3:56  Probe (Chrono Boost)  
  47  3:57  Gateway  
  46  4:12  Probe x2 (Chrono Boost)  
  46  4:17  Gateway  
  46  4:20  Pylon  
  46  4:21  Probe  
  46  4:23  Probe  
  50  4:25  Warp Prism (Chrono Boost)  
  50  4:29  Blink (Chrono Boost)  
  50  4:33  Probe  
  50  4:35  Probe  
  50  4:36  Assimilator  
  52  4:42  Sentry  
  54  4:51  Sentry  
  54  4:52  Stalker  
  58  5:03  Robotics Bay  
  58  5:08  Sentry  
  58  5:09  Probe  
  61  5:20  Nexus  
  61  5:22  Pylon  
  61  5:23  Stalker x2  
  61  5:24  Stalker  
  67  5:29  Pylon  
  67  5:30  Observer  
  67  5:31  Pylon  
  67  5:35  Forge  
  68  5:37  Pylon  
  68  5:42  Stalker  
  70  5:46  Disruptor  
  70  5:47  Pylon  
  70  5:52  Adept x2  
  70  5:55  Probe x2  
  79  6:00  Stalker  
  81  6:07  Probe  
  82  6:12  Probe  
  83  6:19  Probe  
  83  6:20  Disruptor  
  83  6:21  Stalker x3  
  83  6:24  Probe  
  94  6:30  Probe  
  94  6:31  Probe, Assimilator  
  96  6:36  Probe, Assimilator  
  97  6:40  Stalker  
  97  6:54  Stalker x3  
  97  6:57  Immortal  
  99  7:08  Stalker  
  99  7:10  Probe  
  99  7:13  Gateway  
  98  7:15  Gateway  
  98  7:16  Gateway, Pylon  
  98  7:19  Pylon  
  98  7:28  Protoss Ground Weapons Level 1  
  98  7:31  Sentry  
  98  7:32  Sentry, Zealot x2  
  98  7:35  Probe x2  
  104  7:50  Disruptor  
  95  8:08  Stalker x3  
  97  8:14  Stalker  
  97  8:16  Stalker x3  
  105  8:21  Disruptor  
  107  8:35  Robotics Facility  
  107  8:37  Stalker x2, Pylon  
  107  8:38  Stalker  
  110  8:48  Stalker x3  
  110  8:52  Disruptor  
  102  9:16  Stalker x3  
  103  9:20  Stalker  
  103  9:24  Stalker x2  
  103  9:26  Disruptor x2 (Chrono Boost)  
  111  9:38  Nexus  
  109  9:39  Pylon  
  109  9:41  Pylon  
  109  9:43  Stalker x2  
  109  9:44  Stalker  
  101  9:47  Stalker x2  
  99  9:52  Stalker  
  99  9:54  Probe x3  
  104  10:06  Probe x3  
  107  10:07  Disruptor (Chrono Boost), Warp Prism (Chrono Boost)  
  107  10:11  Stalker x2  
  107  10:12  Stalker  
  118  10:18  Probe x2  
  118  10:20  Stalker x2  
  119  10:51  Stalker  
  110  11:01  Stalker x2  
  110  11:02  Stalker x3  
  110  11:03  Disruptor x2  
  116  11:25  Stalker x6  
Tags
 
Add a new tag
Caveats
  • Supply blocks, unpowered buildings, or Contaminate may cause inaccurate times.
  • Supply counts are checked every 10 seconds.